 Dungeon Crawl Stone Soup version 0.31-a0-267-g3fc6992b3b (webtiles) character file.

Game seed: 11058810588778440622

7 qw the Shooter (level 2, -1/16 HPs)
             Began as a Gargoyle Hexslinger on July 14, 2023.
             Slain by a hobgoblin (3 damage)
             ... on level 1 of the Dungeon.
             The game lasted 00:00:02 (65 turns).

qw the Shooter (Gargoyle Hexslinger)                  Turns: 65, Time: 00:00:02

Health: -1/16      AC:  4    Str: 11    XL:     2   Next: 4%
Magic:  3/3        EV: 12    Int: 13    God:
Gold:   0          SH:  0    Dex: 12    Spells: 2/3 levels left

rFire   . . .        a - +1 sling
rCold   . . .        (no shield)
rNeg    + . .        c - +0 robe
rPois   inf          (no helmet)
rElec   +            (no cloak)
rCorr   .            (no gloves)
SInv    .            (no boots)
Will    .....        (no amulet)
Stlth   +            (no ring)
HPRegen 0.22/turn    (no ring)
MPRegen 0.08/turn

%: no passive effects
@: no status effects
A: sickness immunity, AC +2, negative energy resistance 1, electricity
resistance, torment resistance 1, petrification resistance
a: no special abilities


You were on level 1 of the Dungeon.
You visited 1 branch of the dungeon, and saw 1 of its levels.


Innate Abilities, Weirdness & Mutations

You are immune to sickness and miasma.
Your stone body is resilient. (AC +2)
You are immune to poison.
You resist negative energy. (rN+)
You are resistant to electric shocks. (rElec)
You are resistant to unholy torment.
You are immune to petrification.


   Skills:
 - Level 1.1 Fighting
 + Level 2.7 Ranged Weapons
 - Level 1.5 Dodging
 - Level 1.0 Spellcasting
 - Level 2.6 Hexes


You had 2 spell levels left.
You knew the following spells:

 Your Spells              Type           Power      Damage    Failure   Level
a - Slow                  Hex            28%        N/A       10%         1

Your spell library contained the following spells:

 Spells                   Type           Power      Damage    Failure   Level
 Inner Flame              Hex/Fire       4%         N/A       43%         3
 Portal Projectile        Hex/Tloc       8%         N/A       43%         3
 Cause Fear               Hex            3%         N/A       67%         4

Inventory:

Hand Weapons
 a - a +1 sling (weapon)
Armour
 c - a +0 robe (worn)
 e - a +0 ring mail
Scrolls
 b - a scroll of poison
 d - a scroll of noise {unknown}

Dungeon Overview and Level Annotations

Branches:
Dungeon (1/15)

Altars:


Message History

The jackal closely misses you.
A hobgoblin comes into view.
The endoplasm jiggles.
The jackal pauses to sniff the ground.
The jackal barely misses you.
A goblin comes into view. It is wielding a +0 club.
You shoot a sling bullet.
The sling bullet barely misses the jackal.
The jackal bites you.
The jackal bites you but does no damage.
You shoot a sling bullet. The sling bullet hits the jackal.
You kill the jackal!
The hobgoblin closely misses you.
You shoot a sling bullet.
The sling bullet closely misses the goblin.
The hobgoblin hits you but does no damage.
The goblin hits you but does no damage.
You shoot a sling bullet. The sling bullet hits the goblin.
You kill the goblin!
The hobgoblin closely misses you. The endoplasm freezes you.
You are frozen.
The hobgoblin hits you.
You shoot a sling bullet. The sling bullet hits the endoplasm.
The endoplasm is moderately wounded.
The endoplasm hits you but does no damage.
The hobgoblin misses you.
You shoot a sling bullet. The sling bullet hits the endoplasm.
The endoplasm is almost dead.
The endoplasm jiggles.
The endoplasm freezes you.
You are frozen.
The hobgoblin hits you.
You shoot a sling bullet. The sling bullet hits the endoplasm.
You kill the endoplasm!
The hobgoblin misses you.
A hobgoblin comes into view.
The hobgoblin closely misses you.
You have reached level 2!
You shoot a sling bullet.
The sling bullet closely misses the hobgoblin.
The hobgoblin hits you.
You die...

#####..... #.####
#.# # #.# # #.# #
##############.##
#
#......[........#
#>..###.######..#
#g@.....# #..#
......g#####.#
#.... #.####. #.#
##.##. #. #.# #.#
%. #.# #.# #. #.#
#.. #. ..# ## .#


You could see 2 hobgoblins.

Vanquished Creatures
  A ball python (D:1)
  An endoplasm (D:1)
  A goblin (D:1)
  2 jackals (D:1)
  A frilled lizard (D:1)
6 creatures vanquished.

Notes
Turn   | Place    | Note
-------+----------+-------------------------------------------
     0 | D:1      | qw the Gargoyle Hexslinger began the quest for the Orb.
     0 | D:1      | Reached XP level 1. HP: 12/12 MP: 2/2
     0 | D:1      | 0 ||| qw: Version: 0.3-a-52-g30416fa
     0 | D:1      | 0 ||| qw: Game counter: 7906
     0 | D:1      | 0 ||| qw: Melee chars always use a shield: true
     0 | D:1      | 0 ||| qw: God list: Okawaru
     0 | D:1      | 0 ||| qw: Allow faded altars: false
     0 | D:1      | 0 ||| qw: Do Orc after clearing Dungeon:15 true
     0 | D:1      | 0 ||| qw: Do second Lair branch before Depths: true
     0 | D:1      | 0 ||| qw: Lair rune preference: random
     0 | D:1      | 0 ||| qw: Goals: Normal
     0 | D:1      | 0 ||| PLANNING D:1-11
    63 | D:1      | HP: 2/12 [frozen (3)]
    65 | D:1      | Reached XP level 2. HP: 2/16 MP: 3/3
    65 | D:1      | Slain by a hobgoblin

Levels and vault maps discovered:
D:1:      lightli_arrival_maybe_door_vault, layout_loops_ring,
          chequers_big_river, minmay_split_cup_small

Action                     || total
---------------------------++-------
   Fire: Sling             ||    12
 Armour: Robe              ||     4
  Dodge: Dodged            ||     8

Table legend:
 A = Non-vault XP
 B = Vault XP
 C = Vault XP percentage of total XP
 D = Non-vault monster count
 E = Vault monster count
 F = Vault count percentage of total count
                 A         B        C        D         E       F
            +---------+---------+-------+---------+---------+-------
      Total |       9 |       2 |  18.2 |       5 |       1 |  16.7
            +---------+---------+-------+---------+---------+-------
        D:1 |       9 |       2 |  18.2 |       5 |       1 |  16.7
            +---------+---------+-------+---------+---------+-------
